 Dungeon Crawl Stone Soup version 0.29.0-11-gd7f09526c8 (webtiles) character file.

Game seed: 7966349548782627778

55 sentinel the Digger (level 4, -2/33 HPs)
             Began as a Meteoran Earth Elementalist on Sept 6, 2022.
             Was an Initiate of Ashenzari.
             Slain by an adder (3 damage)
             ... on level 4 of the Dungeon.
             The game lasted 00:01:37 (276 turns).

sentinel the Digger (Meteoran Earth Elementalist)    Turns: 276, Time: 00:01:38

Health: -2/33      AC:  2    Str:  9    XL:     4   Next: 36%
Magic:  2/9        EV: 12    Int: 18    God:    Ashenzari [......]
Gold:   0          SH:  0    Dex: 15    Spells: 2/8 levels left

rFire   . . .      SeeInvis .   (no weapon)
rCold   . . .      Faith    .   (no shield)
rNeg    . . .      Spirit   .   a - +0 robe
rPois   .          Reflect  .   (no helmet)
rElec   .          Harm     .   (no cloak)
rCorr   .          Rampage  .   (no gloves)
Will    .....                   (no boots)
Stlth   +.........              (no amulet)
HPRegen 0.11/turn               (no ring)
MPRegen 0.11/turn               (no ring)

@: glowing
A: sense surroundings 1, otherworldly, glowing, explore regen
a: Renounce Religion


You were on level 4 of the Dungeon.
You worshipped Ashenzari.
Ashenzari was noncommittal.
You visited 1 branch of the dungeon, and saw 4 of its levels.

Inventory:

Armour
 a - a +0 robe (worn)
Wands
 P - a wand of paralysis (9)
Scrolls
 c - 2 scrolls of identify {unknown}
 d - a scroll of vulnerability {unknown}
 g - a scroll of poison {unknown}
Potions
 b - a potion of magic
 e - a potion of haste {unknown}
 f - a potion of invisibility {unknown}


   Skills:
 - Level 2.4 Dodging
 - Level 1.4 Stealth
 + Level 2.7 Spellcasting
 * Level 0.6 Conjurations
 - Level 1.2 Transmutations
 + Level 5.5 Earth Magic


You had 2 spell levels left.
You knew the following spells:

 Your Spells              Type           Power      Damage    Failure   Level
a - Sandblast             Erth           44%        2d11      1%          1
b - Stone Arrow           Conj/Erth      26%        3d8       14%         3
c - Passwall              Tmut/Erth      11%        N/A       6%          2

Your spell library contained the following spells:

 Spells                   Type           Power      Damage    Failure   Level
 Petrify                  Tmut/Erth      14%        N/A       38%         4


Dungeon Overview and Level Annotations

Branches:
Dungeon (4/15) Zot: 2106
 Temple: D:4-7

Altars:
Ashenzari

Annotations:
D:4 sentinel's ghost, weakling MeEE


Innate Abilities, Weirdness & Mutations

You passively map a small area around you.
You are easily found by Zot.
You glow in the dark.
You regain HP and MP as you explore.


Message History

g - a scroll labelled ITHROS YNKA
Found a stone staircase leading up.
Found a stone staircase leading down.
A hobgoblin comes into view.
The hobgoblin shouts!
Found a jewelled ivory wand.
There is a stone staircase leading up here.
The blast of sand hits the hobgoblin!
You kill the hobgoblin!
You can't see any susceptible monsters within range! (Use Z to cast anyway.)
You climb upwards.
Found a club and a dagger.
There is a stone staircase leading down here.
You climb downwards.
There is a stone staircase leading up here.
You climb upwards.
There is a stone staircase leading down here.
Casting: Sandblast (safe; 3% risk of failure)
Confirm with . or Enter, or press ? or * to list all spells.
Aiming: Passwall (safe; 9% risk of failure)
Press: ? - help, Dir - move target A rock wall.
This rock feels extremely deep.
The blast of sand hits the worm.
The worm is moderately wounded.
The blast of sand hits the worm!
The worm is severely wounded.
The blast of sand hits the worm!
You kill the worm!
You can't see any susceptible monsters within range! (Use Z to cast anyway.)
You see here a worm corpse.
There is a stone staircase leading down here.
You climb downwards.
There is a stone staircase leading up here.
You see here a hobgoblin corpse.
P - a wand of paralysis (9)
You see here a hobgoblin corpse.
A hound comes into view.
There is a stone staircase leading down here.
You can't see any susceptible monsters within range! (Use Z to cast anyway.)
You can't see any susceptible monsters within range! (Use Z to cast anyway.)
The hound barks!
You hear an angry hiss.
You can't see any susceptible monsters within range! (Use Z to cast anyway.)
The blast of sand hits the hound.
The hound is lightly wounded.
The blast of sand hits the hound!
The hound is heavily wounded.
The hound bites you.
The blast of sand hits the hound!
You kill the hound!
Your Earth Magic skill increases to level 5!
You have reached level 3!
Your experience leads to an increase in your attributes!
Increase (s)trength, (i)ntelligence, or (d)exterity?
You feel clever. x2; You feel agile.
You have reached level 4!
This spell is quite dangerous to cast!
Memorise Stone Arrow, consuming 3 spell levels and leaving 2?
You start memorising the spell.
You continue memorising. x3
You finish memorising.
Spell assigned to 'b'.
There is a stone staircase leading down here.
You climb downwards.
HP restored.
Magic restored.
Found 5 stones and 16 gold pieces.
There is a stone staircase leading up here.
Found a bronze ring.
The orc shouts!
The blast of sand hits the orc!
You kill the orc!
An endoplasm comes into view.
You can't see any susceptible monsters within range! (Use Z to cast anyway.)
You can't see any susceptible monsters within range! (Use Z to cast anyway.)
The blast of sand hits the endoplasm.
The endoplasm is severely wounded.
The blast of sand hits the endoplasm!
You kill the endoplasm!
Found a stone staircase leading down.
Found 6 stones.
Found a scroll labelled BAZXEI UCLOCA.
The orc shouts!
You hear an angry hiss.
Found a runed translucent gate.
Found a stone staircase leading up.
A dart slug comes into view.
The dart slug launches a dart at you. The slug dart hits you.
Found a stone staircase leading down.
Found a robe.
Sentinel's ghost turns its malevolent gaze towards you.
The blast of sand hits the dart slug!
You kill the dart slug!
You can't see any susceptible monsters within range! (Use Z to cast anyway.)
Found a scroll labelled ERGHIDW JEIH.
You open the gate.
The blast of sand hits the hobgoblin!
You kill the hobgoblin!
The blast of sand hits the orc!
You kill the orc!
The adder bites you. Sentinel's ghost hits you.
Press: ? - help, v - describe, . - travel, g - get item
Here: sentinel's ghost Item here: a +1 dagger of holy wrath.
An open translucent gate.
Your target is gone.
Unknown command.
The blast of sand hits sentinel's ghost!!
Sentinel's ghost is severely damaged.
The adder bites you.
Sentinel's ghost points at you and mumbles some strange words.
The blast of sand hits you. The adder barely misses you.
Casting: Sandblast (safe; 1% risk of failure)
Confirm with . or Enter, or press ? or * to list all spells.
Aiming: Sandblast (safe; 1% risk of failure)
Press: ? - help, Shift-Dir - straight line, f/p - sentinel's ghost
Aim: sentinel's ghost (severely damaged, 79% to hit)
The blast of sand hits sentinel's ghost but does no damage.
Sentinel's ghost is severely damaged.
The adder closely misses you. The adder bites you.
The blast of sand hits the phantom!
The phantom is moderately damaged.
The adder barely misses you.
The phantom hits you but does no damage.
The adder completely misses you.
The blast of sand hits the phantom!
The phantom is severely damaged.
The adder closely misses you. The phantom hits you!
* * * LOW HITPOINT WARNING * * *
The adder bites you but does no damage.
The phantom hits you but does no damage.
You are too injured to fight recklessly!
Casting: Sandblast (safe; 1% risk of failure)
Confirm with . or Enter, or press ? or * to list all spells.
Aiming: Sandblast (safe; 1% risk of failure)
Press: ? - help, Shift-Dir - straight line, f/p - phantom
Aim: a phantom (severely damaged, 76% to hit)
The blast of sand hits the phantom but does no damage.
The phantom is severely damaged.
The adder barely misses you. The phantom hits you!
* * * LOW HITPOINT WARNING * * *
The adder bites you.
* * * LOW HITPOINT WARNING * * *
HP warning!
Casting: Sandblast (safe; 1% risk of failure)
Confirm with . or Enter, or press ? or * to list all spells.
Aiming: Sandblast (safe; 1% risk of failure)
Press: ? - help, Shift-Dir - straight line, f/p - phantom
Aim: a phantom (severely damaged, 76% to hit)
The blast of sand hits the phantom.
The phantom is severely damaged.
The adder closely misses you. The phantom barely misses you.
The adder bites you.
You die...

.....#....#.......#..##....
##........#..$=...#.(# ####
..........#.##.##.#..#* ,
.##.##....#.#*.# ,#... #
#....#.##.##.#. , , ,
###.##.#..#.......#, ,
..........#.W.....# ,
..........###W''###. , , ,
.....†<.....@S......,,
##...###..........?. *,
#.##* ####..[...... #.* *
#......... , ..>....... , *
####.....#. , ,, * #...## ,
* * ..## , *


You could see a phantom, sentinel's ghost and an adder.

Vanquished Creatures
  A hound (D:3)
  A worm (D:2)
  A dart slug (D:4)
  2 orcs (D:4)
  A ball python (D:1)
  2 endoplasms
  A giant cockroach (D:2)
  A goblin (D:1)
  3 hobgoblins
  A bat (D:1)
  2 frilled lizards
  A kobold (D:2)
  A rat (D:1)
18 creatures vanquished.

Vanquished Creatures (others)
  2 plants (D:3)
2 creatures vanquished.

Grand Total: 20 creatures vanquished

Notes
Turn   | Place    | Note
-------+----------+-------------------------------------------
     0 | D:1      | sentinel the Meteoran Earth Elementalist began the quest
                  | for the Orb.
     0 | D:1      | Reached XP level 1. HP: 14/14 MP: 5/5
    60 | D:1      | Reached skill level 4 in Earth Magic
    68 | D:1      | Reached XP level 2. HP: 20/20 MP: 4/6
    86 | D:1      | Learned a level 2 spell: Passwall
   160 | D:3      | Found a broken altar of Ashenzari.
   168 | D:3      | Became a worshipper of Ashenzari the Shackled
   222 | D:3      | Noticed a hound
   228 | D:3      | Killed a hound
   229 | D:3      | Reached skill level 5 in Earth Magic
   229 | D:3      | Reached XP level 3. HP: 22/26 MP: 2/8
   229 | D:3      | Reached XP level 4. HP: 28/33 MP: 2/9
   233 | D:3      | Learned a level 3 spell: Stone Arrow
   250 | D:4      | Noticed a phantom
   251 | D:4      | Found a runed translucent gate.
   251 | D:4      | Found a runed translucent gate.
   259 | D:4      | Found a runed translucent gate.
   259 | D:4      | Noticed sentinel's ghost (weakling MeEE)
   275 | D:4      | HP: 1/33 [adder (1)]
   276 | D:4      | Slain by an adder

Illustrated notes

Levels and vault maps discovered:
D:1:      lemuel_arrival_funnel, layout_basic,
          hellmonk_ecumenical_altar_defaced_shrine
D:2:      layout_basic, roderic_lattice_a, uniq_robin, uniq_crazy_yiuf_cottage
D:3:      layout_loops_ring, cheibrodos_ashenzari_chains, serial_bayou_lagoon_b,
          uniq_natasha
D:4:      layout_rooms, nicolae_sif_muna_little_library, gammafunk_ghost_split,
          serial_shops, nicolae_square_shop

Skill      XL: |  1  2 |
---------------+-------+-----
Earth Magic    | 4 5 |  5.5
Dodging        | |  2.4
Stealth        | |  1.4
Spellcasting   | |  2.7
Conjurations   | |  0.6
Transmutations | |  1.2

Action                   |  1- 3 |  4- 6 || total
-------------------------+-------+-------++-------
 Cast: Sandblast         |    19 |    12 ||    31
       Passwall          |     4 |       ||     4
Armor: Robe              |       |     3 ||     3
Dodge: Dodged            |     1 |     8 ||     9
